[Event "Late-Titled-Tuesday-Blitz-June-18-2024"]
[Site "Chess.com"]
[Date "2024.06.18"]
[Round "3"]
[White "GMG"]
[Black "Bigfish1995"]
[Result "1-0"]
[WhiteElo "2680"]
[BlackElo "3085"]
[TimeControl "180+1"]
[EndTime "14:30:04 PDT"]
[Termination "GMG won on time"]

1. d4 d6 2. e4 g6 3. Nc3 Bg7 4.
f4 Nf6 5. Be2 c5 6. e5 Nfd7 7.
dxc5 dxe5 8. fxe5 Bxe5 9. Nf3 Bxc3+ 10. bxc3 Qa5 11. Qd4 f6 12. Be3 Nc6 13. Qc4 Nde5 14. Nxe5 Nxe5 15. Qb4 Nc6 16. Qc4 Ne5 17. Qb4 Qxb4 18.
cxb4 Bg4 19. Bb5+ Kf7 20. Bf4 a6 21. Bf1 Nc6 22. c3 Rhd8 23. h3 Bf5 24. Be2 e5 25.
Be3 Bd3 26. Rd1 Bxe2 27. Kxe2 Ke6 28. a4 Ne7 29. c4 Nc6 30. b5 Na5 31. Rxd8 Rxd8 32.
c6 bxc6 33. Bb6 Ra8 34. Bxa5 axb5 35. Bb6 Rxa4 36. cxb5 cxb5 37. Rb1 Ra2+ 38. Kf1 h5 39.
h4 Ra4 40. Bf2 b4 41. Be1 Kf5 42. Rxb4 Rxb4 43. Bxb4 g5 44. hxg5 fxg5 45. Kf2 Kg4 46. Bd6 1-0

[Event "Late-Titled-Tuesday-Blitz-June-18-2024"]
[Site "Chess.com"]
[Date "2024.06.18"]
[Round "3"]
[White "Charodej1"]
[Black "karinachess1"]
[Result "0-1"]
[WhiteElo "2462"]
[BlackElo "2655"]
[TimeControl "180+1"]
[EndTime "14:30:04 PDT"]
[Termination "karinachess1 won by resignation"]

1. e4 e5 2. Nf3 Nc6 3. Bb5 Nge7 4.
Nc3 Ng6 5. d4 exd4 6. Nxd4 Nxd4 7. Qxd4 c6 8. Bc4 Qb6 9. Be3 Qxd4 10. Bxd4 b5 11. Bb3 a5 12. a4 b4 13. Ne2 Ba6 14. c4 c5 15. Be3 Ne5 16. Nf4 Bxc4 17. Bxc4 Nxc4 18. Nd5 Nxe3 19. Nxe3 O-O-O 20. O-O-O Be7 21. Nc4 Kc7 22. b3 Ra8 23. f4 d6 24. Rd5 Rhd8 25.
Rhd1 g6 26. Kc2 h5 27. g3 Kc6 28. h3 f6 29. Kd3 f5 30. Ke3 fxe4 31. Kxe4 Bf8 32.
Kf3 Kc7 33. g4 hxg4+ 34. hxg4 Rd7 35. Ne5 Rh7 36. Nxg6 Rh3+ 37. Ke4 Rxb3 38. Rf5 Rg3 39. Rxf8 Rxf8 40. Nxf8 b3 41. g5 c4 42. Kd4 c3 43.
Rd3 b2 44. Rxg3 b1=Q 45. Rxc3+ Kb7 46. g6 Qf5 47. g7 Qf6+ 48. Kd3 Qxg7 49. Ne6 Qg6+ 50.
Kd4 Qxe6 51. Re3 Qf5 0-1

[Event "Late-Titled-Tuesday-Blitz-June-18-2024"]
[Site "Chess.com"]
[Date "2024.06.18"]
[Round "3"]
[White "N_I_Chess"]
[Black "Gyulamiryan-koryun"]
[Result "1-0"]
[WhiteElo "2335"]
[BlackElo "1664"]
[TimeControl "180+1"]
[EndTime "14:30:04 PDT"]
[Termination "N_I_Chess won on time"]

1. d4 Nf6 2. c4 c5 3. d5 b5 4.
Nd2 g6 5. b3 Bg7 6. Bb2 O-O 7.
Qc2 b4 8. e4 d6 9. Bd3 a5 10. a4 e5 11. dxe6 fxe6 12. h3 e5 13. Ne2 Nc6 14. O-O Nh5 15. Bc1 Nf4 16. Nxf4 exf4 17.
Ra2 Nd4 18. Qd1 Qh4 19. Nf3 Nxf3+ 20. Qxf3 g5 21. e5 Bf5 22. Bxf5 dxe5 23. Be6+ Kh8 24.
Re2 Rae8 25. Bd5 Qh6 26. Bb2 Qd6 27. Rfe1 Rf5 28. Bc6 Re7 29. Qg4 Rf8 30. Be4 Re6 31. Bd5 Re7 32. Qh5 Qg6 33. Qxg6 hxg6 34. Be4 Kh7 35. Rd2 Kh6 36. Rd6 Bf6 37. Red1 Ree8 38.
Ra6 Rd8 39. Rdd6 Rxd6 40. Rxd6 Kg7 41. f3 Rf7 42. Rd5 Rc7 43. Kf1 Kf7 44. Rd6 1-0

[Event "Late-Titled-Tuesday-Blitz-June-18-2024"]
[Site "Chess.com"]
[Date "2024.06.18"]
[Round "3"]
[White "betta2004"]
[Black "carloseduar100"]
[Result "1-0"]
[WhiteElo "2470"]
[BlackElo "2252"]
[TimeControl "180+1"]
[EndTime "14:30:05 PDT"]
[Termination "betta2004 won by checkmate"]

1. Nf3 e6 2. b3 d5 3. Bb2 Nf6 4. e3 c5 5. d4 Nc6 6. Nbd2 cxd4 7. exd4 Bd6 8. Bd3 O-O 9. Ne5 Re8 10. O-O a6 11. f4 Ne7 12. Qf3 b5 13. Rae1 Bb7 14.
g4 Rc8 15. g5 Ne4 16. Nxe4 dxe4 17. Bxe4 Bxe4 18. Qxe4 Nf5 19. d5 Bxe5 20. Qxe5 Qxd5 21. Qxd5 exd5 22. Rxe8+ Rxe8 23. Rd1 d4 24. Kf2 Re4 25.
Kf3 Re3+ 26. Kg4 g6 27. Bxd4 Nxd4 28. Rxd4 Re2 29. Rd6 Rxh2 30. Rxa6 Rxc2 31. a3 Rc3 32. b4 Kg7 33. Ra7 Rd3 34. Ra5 h5+ 35. gxh6+ Kxh6 36.
f5 Rd4+ 37. Kf3 gxf5 38. Rxb5 Rd3+ 39. Kf4 Rxa3 40. Kxf5 Rf3+ 41. Ke4 Rb3 42. Rb8 Kg6 43. b5 Rb1 44. b6 Kf6 45. Kd5 Kf5 46. Kc6 Kf4 47. Rf8 f5 48. b7 Kg4 49. Rg8+ Kf3 50.
b8=Q Rxb8 51. Rxb8 f4 52. Kd5 Ke3 53. Rb3+ Ke2 54.
Ke4 f3 55. Rxf3 Kd2 56. Rh3 Ke2 57. Rh2+ Kf1 58. Ra2 Ke1 59. Kd3 Kf1 60. Ke3 Kg1 61. Kf3 Kh1 62. Kg3 Kg1 63. Ra1# 1-0

[Event "Late-Titled-Tuesday-Blitz-June-18-2024"]
[Site "Chess.com"]
[Date "2024.06.18"]
[Round "3"]
[White "Tsukasa06"]
[Black "OIAM03"]
[Result "0-1"]
[WhiteElo "2339"]
[BlackElo "2047"]
[TimeControl "180+1"]
[EndTime "14:30:05 PDT"]
[Termination "OIAM03 won on time"]

1. e4 c5 2. Nc3 d6 3. d4 cxd4 4. Qxd4 Nc6 5. Qd2 g6 6. b3 Bg7 7. Bb2 Nf6 8. O-O-O O-O 9. Kb1 a5 10. a4 Nb4 11. f3 b6 12. g4 Nd7 13. h4 Bb7 14. h5 Nf6 15. Bc4 Ba6 16. Bxa6 Nxa6 17. Nd5 Nc7 18. Nxf6+ Bxf6 19. Bxf6 exf6 20. Qxd6 Qxd6 21.
Rxd6 b5 22. axb5 Nxb5 23. Rxf6 Rfc8 24. hxg6 hxg6 25. Rb6 Na3+ 26. Kb2 Nxc2 27. Ne2 Nb4 28. Nd4 Nd3+ 29. Kb1 a4 30. bxa4 Rxa4 31. Rd1 Ne5 32. g5 Nc4 33. Rb3 Rca8 34. Kc2 Ra2+ 35. Kd3 Ne5+ 36.
Ke3 R8a3 37. Rxa3 Rxa3+ 38. Kf4 Nc4 39. Rc1 Nd6 0-1

[Event "Late-Titled-Tuesday-Blitz-June-18-2024"]
[Site "Chess.com"]
[Date "2024.06.18"]
[Round "3"]
[White "AlexeiShirov"]
[Black "ncofre98"]
[Result "1-0"]
[WhiteElo "2859"]
[BlackElo "2564"]
[TimeControl "180+1"]
[EndTime "14:30:06 PDT"]
[Termination "AlexeiShirov won on time"]

1. e4 e6 2. d4 d5 3. e5 Qd7 4. f4 Ne7 5. Nf3 b6 6. b3 Nf5 7. g4 Ne7 8. Rg1 h5 9. h3 hxg4 10.
hxg4 Ba6 11. c4 Bb7 12. Nc3 Nbc6 13. Be3 O-O-O 14. Qd2 f6 15. O-O-O fxe5 16. dxe5 Qe8 17. Qf2 Kb8 18. cxd5 Nxd5 19. Nxd5 exd5 20. Kb1 d4 21. Bd2 d3 22. Be3 Nb4 23. f5 Qc6 24. Ne1 Qb5 25.
e6 Be7 26. Bd4 Rhg8 27. Nxd3 Nxd3 28. Bxd3 Qa5 29. Bb2 Bc6 30. Bc2 Qa6 31. Rxd8+ Bxd8 32. Bc3 Qb7 33. Rd1 Be7 34. Qe3 a5 35. g5 Rf8 36.
f6 gxf6 37. gxf6 Bxf6 38. e7 Bxe7 39. Qxe7 Rf2 40. Qe3 Rg2 41. Qd3 a4 42. Qd8+ Ka7 43.
Rd2 Rg1+ 44. Kb2 axb3 45. axb3 Rg3 46. Qd4 Rg6 47. Bxg6 1-0

[Event "Late-Titled-Tuesday-Blitz-June-18-2024"]
[Site "Chess.com"]
[Date "2024.06.18"]
[Round "3"]
[White "Juandiv_Chessmood"]
[Black "VacheH009"]
[Result "0-1"]
[WhiteElo "1455"]
[BlackElo "2528"]
[TimeControl "180+1"]
[EndTime "14:30:06 PDT"]
[Termination "VacheH009 won by checkmate"]

1. d4 Nf6 2. c4 g6 3. g3 Bg7 4.
Bg2 O-O 5. Nf3 d6 6. O-O Nc6 7. Nc3 a6 8. Rb1 Rb8 9. e4 Bg4 10. Be3 e5 11. dxe5 Nxe5 12. Nxe5 Bxd1 13. Rbxd1 dxe5 14. Rxd8 Rfxd8 15. Nd5 Nxd5 16. cxd5 c6 17. dxc6 bxc6 18. b3 Bf8 19. Rc1 c5 20. Bxc5 Rdc8 21. Be3 Rxc1+ 22. Bxc1 Rd8 23. Be3 Rd1+ 24. Bf1 Ra1 25.
a4 Rb1 26. Kg2 a5 27. Bc4 Bb4 28. Bb6 Kf8 29. Bc7 f6 30. Bd8 Kg7 31. Be6 Rb2 32.
Bb6 Kf8 33. Bc4 Ke7 34. Bb5 Kd6 35. Bc4 Bc5 36. Bxa5 Rxf2+ 37. Kh1 Rb2 38. Bc3 Rb1+ 39. Kg2 f5 40. exf5 gxf5 41. Bd3 Rc1 42. Bb2 Rd1 43. Bxf5 Rd2+ 44. Kh3 Rxb2 45. Bxh7 Rxb3 46. Bc2 Rb2 47. Bd1 Bg1 48. a5 e4 49. a6 Rxh2+ 50. Kg4 Ra2 51. Kf4 e3 52. a7 Rxa7 53. Be2 Ra2 54. Bf3 e2 55. Bxe2 Rxe2 56. g4 Re1 57. g5 Be3+ 58. Kf5 Bxg5 59. Kxg5 Ke5 60. Kg4 Re3 61. Kh4 Kf5 62. Kh5 Rh3# 0-1

[Event "Late-Titled-Tuesday-Blitz-June-18-2024"]
[Site "Chess.com"]
[Date "2024.06.18"]
[Round "3"]
[White "jaramsdal"]
[Black "Statham_01"]
[Result "0-1"]
[WhiteElo "2456"]
[BlackElo "2702"]
[TimeControl "180+1"]
[EndTime "14:30:07 PDT"]
[Termination "Statham_01 won by checkmate"]

1. e4 c5 2. a3 g6 3. Bc4 Bg7 4. Nc3 Nc6 5. h4 h5 6. d3 e6 7. Bg5 Nge7 8. Ba2 d6 9. Nge2 a6 10. Nf4 b5 11. Qf3 Nd4 12. Qd1 Bb7 13. Nce2 Qd7 14. Nxd4 cxd4 15. Bxe7 Qxe7 16. Bxe6 fxe6 17. Nxg6 Qf7 18. Nxh8 Bxh8 19. a4 b4 20. a5 O-O-O 21. Ra4 d5 22. Qe2 dxe4 23. dxe4 Qf4 24. O-O Be5 25.
g3 Rg8 26. Rxb4 Bc7 27. Kh2 Qxh4+ 28. Kg1 Qxe4 29. Qxe4 Bxe4 30. Rxd4 Bb7 31. Rh4 Rg5 32. Re1 Bd5 33. b3 Bxa5 34. Re2 Bb6 35. c4 Rxg3+ 36.
Kf1 Bg2+ 37. Ke1 Ba5+ 38. Kd1 Rxb3 39. Rxe6 Bf3+ 40. Kc1 Bg4 41. Re5 Bc3 42. Kc2 Ra3 43. Re3 Bf5+ 44. Kc1 Ra1# 0-1

[Event "Late-Titled-Tuesday-Blitz-June-18-2024"]
[Site "Chess.com"]
[Date "2024.06.18"]
[Round "3"]
[White "BilodeauA"]
[Black "AlexOstrovskiy"]
[Result "1-0"]
[WhiteElo "3008"]
[BlackElo "2720"]
[TimeControl "180+1"]
[EndTime "14:30:08 PDT"]
[Termination "BilodeauA won by resignation"]

1. e4 d5 2. exd5 Nf6 3. d4 Bg4 4. Be2 Bxe2 5. Qxe2 Qxd5 6. Nf3 e6 7. c4 Qf5 8. O-O Be7 9. b3 O-O 10. Bb2 Nc6 11. Nc3 Rad8 12. Rad1 h6 13. Rfe1 Rfe8 14. h3 a6 15. a3 Bf8 16. b4 Qh5 17. Qf1 Rd7 18.
Ne2 Red8 19. Ng3 Qg6 20. b5 axb5 21. cxb5 Na5 22. Ne5 Qc2 23. Nxd7 Rxd7 24. Ba1 Bxa3 25. Re3 Be7 26. Rc1 Qa4 27. Qd3 Nd5 28. Rf3 Nb4 29.
Qe2 Nb3 30. Qd1 Nc5 31. Qxa4 Nxa4 32. Ne4 Nd5 33. Nc5 Nxc5 34. dxc5 c6 35. Rb3 f6 36. b6 Kf7 37. g3 e5 38. Kg2 Ke6 39. Bb2 h5 40. h4 g6 41. Rc2 Bf8 42. Bc1 Ne7 43. Ra3 Nf5 44. Ra7 Nd4 45. Rc4 Nb5 46. Ra8 Be7 47.
Be3 Kd5 48. Rc1 Ke6 49. Rca1 Nc3 50. Rg8 Kf7 51. Rc8 Ne4 52. Rc7 Ke6 53. Rxd7 Kxd7 54. Ra7 Kc8 55. Ra8+ Kd7 56. Rb8 Nxc5 57. Bxc5 Bxc5 58.
Rxb7+ Kd6 59. Rb8 Bd4 60. Rd8+ Ke7 61. Rxd4 exd4 62. b7 d3 63. b8=Q d2 64. Qb4+ 1-0

[Event "Late-Titled-Tuesday-Blitz-June-18-2024"]
[Site "Chess.com"]
[Date "2024.06.18"]
[Round "3"]
[White "Orest_Vovk"]
[Black "CombativeWombat"]
[Result "1-0"]
[WhiteElo "2557"]
[BlackElo "2301"]
[TimeControl "180+1"]
[EndTime "14:30:09 PDT"]
[Termination "Orest_Vovk won by checkmate"]

1. g4 e5 2. g5 d5 3. Bg2 c6 4. d4 e4 5. c4 Bb4+ 6. Nc3 Ne7 7. Qb3 a5 8. a3 Bxc3+ 9. Qxc3 Be6 10. c5 Nd7 11. h4 b6 12. b4 axb4 13. axb4 bxc5 14.
dxc5 Rxa1 15. Qxa1 Qb8 16. Bd2 O-O 17. h5 Nf5 18. h6 Qe5 19. Bc3 d4 20. Bb2 e3 21.
Nf3 exf2+ 22. Kxf2 Qg3+ 23. Kg1 Ne3 24. Rh2 Bh3 25.
Qe1 Qg4 26. Qh4 Nxg2 27. Qxg4 Bxg4 28. Rxg2 Bxf3 29. exf3 Ne5 30. hxg7 Rd8 31. f4 Nd3 32. f5 Kxg7 33. Ba1 f6 34. Rd2 Ne5 35. Kg2 d3 36.
Bxe5 fxe5 37. Kf3 Rd4 38. Ke3 Rxb4 39. Rxd3 Rc4 40. Rd7+ Kg8 41. f6 Rxc5 42. Ke4 Ra5 43. Kf5 e4+ 44. Ke6 Rd5 45. Rxd5 cxd5 46. Ke7 e3 47. f7+ Kg7 48. f8=Q+ Kg6 49. Qf6+ Kh5 50. Qe5 d4 51. Qxd4 e2 52. Qe3 h6 53. gxh6 Kg6 54.
Qxe2 Kh7 55. Qg4 Kh8 56. Qg7# 1-0

[Event "Late-Titled-Tuesday-Blitz-June-18-2024"]
[Site "Chess.com"]
[Date "2024.06.18"]
[Round "3"]
[White "alexrustemov"]
[Black "Maus7"]
[Result "1-0"]
[WhiteElo "2868"]
[BlackElo "2602"]
[TimeControl "180+1"]
[EndTime "14:30:12 PDT"]
[Termination "alexrustemov won by resignation"]

1. d4 Nf6 2. c4 e6 3. Nf3 Bb4+ 4.
Bd2 a5 5. g3 d6 6. Bg2 Nbd7 7.
O-O e5 8. Bc1 exd4 9. Nxd4 O-O 10. Nc2 Bc5 11. Be3 Re8 12. Qd2 Ne4 13. Qd3 Ndf6 14.
Bxc5 Nxc5 15. Qd2 Nfe4 16. Qd4 Bf5 17. Ne3 Bg6 18. Nc3 Ne6 19. Qd5 Nxc3 20. bxc3 Nc5 21. Qd4 Be4 22. f3 Bc6 23. Rfe1 Qg5 24. Nd1 f5 25.
Nf2 Re3 26. Ne4 Bxe4 27. f4 Rxg3 28. hxg3 Qxg3 29. Qf2 Qg6 30. Kh2 Re8 31. Bh3 Qf7 32. Qd4 Re6 33. Rg1 Rh6 34. Rg3 Ne6 35. Qf2 g6 36.
Kg1 b6 37. Bg2 Nc5 38. Rd1 Qxc4 39. Qe3 Qxa2 40. Kf2 a4 41. Qd4 Qe6 42. c4 Bxg2 43. Rxg2 Ne4+ 44. Kg1 Rh3 45. e3 a3 46. Ra1 Nc5 47. Rxa3 Rxe3 48. Ra8+ Kf7 49. Qh8 Re1+ 50. Kh2 Qf6 51. Rf8+ 1-0

[Event "Late-Titled-Tuesday-Blitz-June-18-2024"]
[Site "Chess.com"]
[Date "2024.06.18"]
[Round "3"]
[White "Chessdreamer2020"]
[Black "randomo"]
[Result "0-1"]
[WhiteElo "2561"]
[BlackElo "2321"]
[TimeControl "180+1"]
[EndTime "14:30:12 PDT"]
[Termination "randomo won by checkmate"]

1. e4 e5 2. Nf3 Nc6 3. Bc4 Bc5 4. c3 Qf6 5. d4 exd4 6. e5 Qg6 7.
cxd4 Bb4+ 8. Nc3 d5 9. Bxd5 Nge7 10. Bb3 Bg4 11. Be3 Rd8 12. a3 Ba5 13. Bc2 Qh5 14.
Be4 O-O 15. Qc2 Bb6 16. Rd1 Rfe8 17. h3 Nf5 18. O-O Nxe3 19. fxe3 Bc8 20. Nd5 Ne7 21. Nf4 Qh6 22. Rf2 Ng6 23. Nxg6 hxg6 24. Rdf1 Be6 25. Qe2 c6 26. Bb1 Bc7 27. b4 b5 28. Nd2 Bd5 29.
Ne4 f5 30. Nc5 Bc4 31. Bd3 Bd5 32. Rf4 Bf7 33. Kh2 Bb6 34. Qf2 Bxc5 35. bxc5 a5 36.
g4 Bd5 37. gxf5 g5 38. Rg4 b4 39. axb4 axb4 40. Rfg1 Ra8 41. Rxg5 Ra2 42. Rxg7+ Qxg7 43. Rxg7+ Kxg7 44. Be2 Bc4 45. Qg2+ Kf8 46. Bxc4 Rxg2+ 47. Kxg2 Ra8 48. f6 Ra3 49. Kf3 b3 50. e6 b2 51.
e7+ Ke8 52. d5 b1=Q 53. d6 Qf5+ 54. Ke2 Qxf6 55. Bd3 Ra2+ 56. Ke1 Qa1+ 57. Bb1 Qxb1# 0-1

[Event "Late-Titled-Tuesday-Blitz-June-18-2024"]
[Site "Chess.com"]
[Date "2024.06.18"]
[Round "3"]
[White "Meri-Arabidze"]
[Black "artin10862"]
[Result "0-1"]
[WhiteElo "2665"]
[BlackElo "2939"]
[TimeControl "180+1"]
[EndTime "14:30:14 PDT"]
[Termination "artin10862 won on time"]

1. d4 d5 2. c4 e6 3. Nc3 c6 4.
cxd5 exd5 5. Nf3 Bf5 6. Bf4 Nf6 7. e3 h6 8. Bd3 Bxd3 9. Qxd3 Be7 10. O-O O-O 11. a3 a5 12. Rab1 Nbd7 13. Qc2 Nb6 14. Ne5 a4 15. h3 Nfd7 16. Nxd7 Qxd7 17. Rfe1 Ra6 18. Rbd1 Rfa8 19. e4 dxe4 20. Qxe4 Bf6 21. Be5 Re8 22. Qf3 Bxe5 23. dxe5 Qc7 24. Qe2 Ra5 25. f4 f6 26. Ne4 fxe5 27. f5 Nd5 28. f6 Nxf6 29. Nxf6+ gxf6 30. Qg4+ Qg7 31. Qxg7+ Kxg7 32. Rd7+ Kg6 33. Rxb7 Rd8 34. Rc1 Rb5 35. Rxb5 cxb5 36.
Rc5 Rb8 37. Kf2 b4 38. Ra5 bxa3 39. bxa3 Rb2+ 40. Kg1 Kf5 41. Rxa4 e4 42. g3 h5 43. Kf1 h4 44. gxh4 Kf4 45. h5 Kf3 46. Ke1 e3 47.
Rd4 Rb1+ 48. Rd1 Rxd1+ 49. Kxd1 Kf2 50. h6 e2+ 51. Kc2 e1=Q 0-1

[Event "Late-Titled-Tuesday-Blitz-June-18-2024"]
[Site "Chess.com"]
[Date "2024.06.18"]
[Round "3"]
[White "Kombinator01"]
[Black "dosto07"]
[Result "1-0"]
[WhiteElo "2447"]
[BlackElo "2609"]
[TimeControl "180+1"]
[EndTime "14:30:14 PDT"]
[Termination "Kombinator01 won on time"]

1. d4 d5 2. Bf4 Nf6 3. e3 c5 4. Nd2 Nc6 5. Ngf3 cxd4 6. exd4 Qb6 7. Nb3 Bf5 8. Bd3 Bxd3 9. Qxd3 e6 10. O-O Be7 11.
c3 O-O 12. Ne5 Nxe5 13. Bxe5 Nd7 14. Bg3 a5 15. Rab1 Qa6 16. Qe3 Nb6 17. Nd2 Nc4 18.
Nxc4 Qxc4 19. f4 Qxa2 20. f5 Ra6 21. Ra1 Qc4 22. f6 Bxf6 23. Rxf6 gxf6 24. Bh4 e5 25. Qg3+ Kh8 26. dxe5 Rg8 27. Qf2 fxe5 28. Bf6+ Rg7 29. Bxe5 Kg8 30. Bxg7 Kxg7 31. Qg3+ Rg6 32. Qe5+ Kh6 33.
Qe3+ Kg7 34. Rxa5 Qg4 35. Qd4+ Qxd4+ 36. cxd4 Rd6 37. Rb5 b6 38. Kf2 Kf6 39. Kf3 Ke6 40.
Kf4 f6 41. g4 h6 42. h4 Rc6 43.
Rb3 Rd6 44. Re3+ Kf7 45. Kf5 Rc6 46. Ra3 Rc7 47. Ra6 Rb7 48. Ra8 Rd7 49. Rh8 Kg7 50.
Rb8 Rd6 51. Rb7+ Kf8 52. h5 Rc6 53. Kg6 Rc4 54. Rf7+ Ke8 55. Rxf6 Rxd4 56. Kf5 b5 57. Rxh6 Rd2 58. Rd6 Ke7 59. Re6+ Kd7 60. Rg6 Rxb2 61. h6 Rf2+ 62. Ke5 Rh2 63. Rg7+ Kc6 64. h7 b4 65. g5 b3 66. Rg6+ Kc5 67. Rh6 Rxh6 68. gxh6 b2 69. h8=Q b1=Q 70. Qc8+ Kb4 71. Qb8+ Kc3 72.
Qxb1 d4 73. Qd1 d3 74. h7 d2 75. h8=Q 1-0

[Event "Late-Titled-Tuesday-Blitz-June-18-2024"]
[Site "Chess.com"]
[Date "2024.06.18"]
[Round "3"]
[White "vesalhamedinia"]
[Black "Chessbard1972"]
[Result "0-1"]
[WhiteElo "2477"]
[BlackElo "2295"]
[TimeControl "180+1"]
[EndTime "14:30:15 PDT"]
[Termination "Chessbard1972 won by checkmate"]

1. d4 Nf6 2. c4 g6 3. Nc3 Bg7 4. Nf3 d6 5. Bg5 h6 6. Bh4 g5 7. Bg3 Nh5 8. e3 Bg4 9. Be2 Nd7 10. Nd2 Bxe2 11. Qxe2 Nxg3 12. hxg3 c5 13. Nb3 Rc8 14. Rd1 a6 15. O-O O-O 16. Ne4 cxd4 17. exd4 Nf6 18.
Nc3 Qc7 19. Rfe1 Rfe8 20. Nd2 e5 21. dxe5 dxe5 22. b3 b5 23. Nce4 Nxe4 24. Qxe4 Rcd8 25. cxb5 axb5 26. Nf3 Rxd1 27. Rxd1 Qa7 28. Qc6 Rf8 29. Rd2 b4 30. Qc4 Qb6 31. g4 Re8 32. Rd7 Qf6 33. Qe4 Rc8 34. Rd1 Qf4 35. Qb7 Rf8 36. Nh2 e4 37. g3 Qe5 38. Qxb4 e3 39. Rf1 exf2+ 40.
Kxf2 Rc8 41. Kg2 Rc2+ 42. Rf2 Qd5+ 43. Nf3 Rc1 44. Qd2 Qc6 45. Qd8+ Kh7 46. Qd3+ Kg8 47. b4 Rc3 48. Qd8+ Bf8 49. Qd2 Ra3 50. Qe2 Qd5 51. Kh2 Ra4 52. b5 Rb4 53. Ne5 Rxb5 54. Nxf7 Rb1 55.
Ne5 Rh1# 0-1

[Event "Late-Titled-Tuesday-Blitz-June-18-2024"]
[Site "Chess.com"]
[Date "2024.06.18"]
[Round "3"]
[White "colegiodemadrid"]
[Black "slidingknight2775"]
[Result "0-1"]
[WhiteElo "2480"]
[BlackElo "2702"]
[TimeControl "180+1"]
[EndTime "14:30:16 PDT"]
[Termination "slidingknight2775 won by checkmate"]

1. d4 Nf6 2. c4 e6 3. Nc3 Bb4 4. Qc2 O-O 5. e4 d6 6. Nf3 e5 7. d5 Bxc3+ 8. bxc3 b6 9. h3 a5 10. a4 Nbd7 11. Be3 Nh5 12. Nd2 Qf6 13. Be2 Nf4 14.
Bf3 Nc5 15. Bxc5 dxc5 16. h4 Ng6 17. g3 Ne7 18. O-O-O Bd7 19. Rdf1 Nc8 20. Be2 Qe7 21. f4 f6 22. f5 Nd6 23. g4 Qe8 24. Bd1 Kf7 25. g5 Ke7 26. Rhg1 Rg8 27. Kb2 Qc8 28. Ka3 Qa6 29. Be2 Raf8 30. Bd3 Qc8 31. Rg2 Qe8 32.
Rfg1 Kd8 33. Be2 Kc8 34. h5 Kb7 35. Rb1 Ka7 36. Rbg1 g6 37. fxg6 hxg6 38. h6 fxg5 39. Rxg5 Rf2 40. R1g2 Rxg2 41. Rxg2 Rh8 42. Rh2 Qf8 43.
h7 Qg7 44. Qd1 Rxh7 45. Rg2 Rh3 46. Kb2 Qh6 47. Bg4 Bxg4 48. Qxg4 Qe3 49. Nb1 Nxc4+ 50.
Kb3 Nd6 51. Qd7 Qxe4 52. Qxc7+ Nb7 53. Rd2 Qxb1+ 54. Rb2 Qd3 55. Ka2 Qc4+ 56. Rb3 Qxa4+ 57. Kb2 Rh2+ 58. Kc1 Qxb3 59. d6 Qc2# 0-1

[Event "Late-Titled-Tuesday-Blitz-June-18-2024"]
[Site "Chess.com"]
[Date "2024.06.18"]
[Round "3"]
[White "edgarhay012"]
[Black "tptagain"]
[Result "1-0"]
[WhiteElo "2718"]
[BlackElo "2941"]
[TimeControl "180+1"]
[EndTime "14:30:17 PDT"]
[Termination "edgarhay012 won by resignation"]

1. e4 c5 2. Nc3 Nc6 3. Bb5 Nd4 4. Bc4 Rb8 5. a4 e6 6. Nge2 Nf6 7. O-O a6 8. d3 Nc6 9. d4 cxd4 10. Nxd4 Qc7 11.
Nxc6 bxc6 12. Qe2 Bd6 13. h3 a5 14. Kh1 O-O 15. f4 e5 16. f5 Bb4 17. Bg5 Qd8 18. Rad1 h6 19. Bh4 Bc5 20. b3 Kh8 21. Qf3 Be7 22. Bg3 Qc7 23. Bh2 d6 24. Ne2 Bb7 25. Bd3 d5 26. Qg3 Bd6 27. Qh4 dxe4 28. Bc4 c5 29.
Rfe1 Rbd8 30. Nc3 Be7 31. Qf2 Rxd1 32. Rxd1 Rd8 33. Rxd8+ Bxd8 34. Nb5 Qe7 35. Qd2 Bc7 36. Qc3 e3 37. Qxe3 Bb8 38. Bg1 Nd7 39. Nc3 Qd6 40.
Ne4 Qd4 41. Bd3 Qxe3 42. Bxe3 c4 43. bxc4 Bc6 44. Nc3 Bd6 45. Nb5 Bc5 46. Bd2 Nb6 47. Bxa5 Nxa4 48. Kh2 Bf2 49. Nc3 Nc5 50. Nd5 e4 51. Be2 Bd7 52. g4 Bc6 53. Bb6 e3 54. Bxc5 f6 55. Bxe3 1-0

[Event "Late-Titled-Tuesday-Blitz-June-18-2024"]
[Site "Chess.com"]
[Date "2024.06.18"]
[Round "3"]
[White "bob1263"]
[Black "CSB7"]
[Result "0-1"]
[WhiteElo "2507"]
[BlackElo "2767"]
[TimeControl "180+1"]
[EndTime "14:30:17 PDT"]
[Termination "CSB7 won on time"]

1. d4 Nf6 2. c4 g6 3. Nc3 Bg7 4. e4 d6 5. f3 O-O 6. Be3 Nc6 7. Nge2 a6 8. Qd2 Na5 9. Ng3 b5 10. Bh6 Nxc4 11. Bxc4 bxc4 12. h4 e5 13. Bxg7 Kxg7 14. h5 Be6 15. hxg6 fxg6 16. dxe5 dxe5 17. Qg5 Rb8 18.
Rd1 Qe7 19. Qxe5 Kg8 20. Rd2 Rfe8 21. O-O Bf7 22. Qxe7 Rxe7 23. Rfd1 Kg7 24. Nf1 c5 25. Ne3 Reb7 26. Na4 Rb4 27. Nxc5 Rxb2 28. e5 Nh5 29. e6 Be8 30. Rxb2 Rxb2 31. Nxc4 Rc2 32. Nd6 Bc6 33. e7 Rxc5 34. e8=Q Bxe8 35. Nxe8+ Kh6 36. Rd6 Rc1+ 37. Kf2 Rc2+ 38. Ke3 Rxa2 39. g4 Ra3+ 40. Kf2 Nf4 41. Rd7 Kg5 42. Rxh7 Ra2+ 43. Kf1 Ra1+ 44. Kf2 Ra2+ 45.
Kf1 Nd3 46. Nd6 Kf4 47. Rf7+ Kg3 48. Ne4+ Kh2 0-1

[Event "Late-Titled-Tuesday-Blitz-June-18-2024"]
[Site "Chess.com"]
[Date "2024.06.18"]
[Round "3"]
[White "PhileKhoob"]
[Black "Patricius007"]
[Result "1/2-1/2"]
[WhiteElo "2363"]
[BlackElo "2558"]
[TimeControl "180+1"]
[EndTime "14:30:17 PDT"]
[Termination "Game drawn by repetition"]

1. Nf3 d5 2. g3 c5 3. Bg2 Nc6 4. d4 e6 5. O-O Nf6 6. c4 cxd4 7. Nxd4 Bc5 8. Nb3 Bb6 9. cxd5 exd5 10. Nc3 O-O 11. Bg5 Be6 12. Qd2 h6 13. Bxf6 Qxf6 14. Nxd5 Bxd5 15. Bxd5 Rad8 16. e4 Ne7 17. Rad1 Nxd5 18.
exd5 Rd6 19. Kg2 Rfd8 20. Qe2 Rxd5 21. Rxd5 Rxd5 22. f3 Qd6 23. Qe8+ Kh7 24. Qxf7 Qe5 25. Re1 Qxb2+ 26. Kh3 Qc3 27. Qxd5 Qxe1 28. Qf5+ Kg8 29. Qc8+ Kh7 30. Qxb7 Qf1+ 31. Kg4 h5+ 32. Kxh5 Qh3+ 33.
Kg5 Be3+ 34. f4 Qh6+ 35. Kf5 Qg6+ 36. Ke5 Qf6+ 37. Ke4 Bg1 38. h4 Bh2 39. Kf3 Qc3+ 40. Kg2 Qxg3+ 41. Kf1 Qxf4+ 42. Kg2 Qg3+ 43. Kf1 Qxh4 44.
Qf3 Be5 45. Qd3+ Kh6 46. Qe3+ Bf4 47. Qe6+ g6 48. Qe4 Qh3+ 49. Ke2 Qh2+ 50. Kf3 Qg3+ 51. Ke2 g5 52. Qe6+ Kh5 53. Qf7+ Kg4 54. Qe6+ Kh5 55. Qf7+ Kh6 56. Qf6+ Kh5 57. Qf7+ 1/2-1/2

[Event "Late-Titled-Tuesday-Blitz-June-18-2024"]
[Site "Chess.com"]
[Date "2024.06.18"]
[Round "3"]
[White "Tulipnoir"]
[Black "Itay121"]
[Result "0-1"]
[WhiteElo "2353"]
[BlackElo "2535"]
[TimeControl "180+1"]
[EndTime "14:30:17 PDT"]
[Termination "Itay121 won on time"]

1. Nf3 Nf6 2. b3 g6 3. Bb2 Bg7 4. c4 O-O 5. g3 d5 6. Bg2 c5 7. cxd5 Nxd5 8. Bxg7 Kxg7 9. Qc1 Qd6 10. Nc3 Nc6 11.
O-O b6 12. a3 e5 13. Qb2 Be6 14. Nxd5 Bxd5 15. d3 Rac8 16. Rfc1 Bxf3 17. Bxf3 Nd4 18. Bg2 Kg8 19. b4 Rc7 20. bxc5 Rxc5 21. Rxc5 Qxc5 22.
e3 Ne6 23. h4 Rc8 24. Rd1 Qc3 25. Qa2 Qc2 26. Qxc2 Rxc2 27. d4 exd4 28. exd4 Kf8 29. d5 Nd8 30. d6 Ke8 31. Re1+ Kd7 32. Re7+ Kxd6 33. Rxa7 Rc7 34. Ra6 Kc5 35. Ra8 Ne6 36. a4 Rd7 37. Bf1 Nd4 38. Kg2 Kb4 39. Bb5 Nxb5 40.
axb5 Kxb5 41. Rh8 h5 42. f3 Kb4 43. Rb8 b5 44. g4 Kc4 45. Rc8+ Kb3 46. Rb8 b4 47.
gxh5 gxh5 48. Rb5 Kc4 49. Rb8 b3 50. Kg3 Kc3 51. Rc8+ Kb2 52. Kf4 Ka2 53. Ra8+ Kb1 54. Kg5 Rd5+ 55. Kf6 b2 56. Kxf7 Rd4 57. Kg6 Rxh4 0-1

[Event "Late-Titled-Tuesday-Blitz-June-18-2024"]
[Site "Chess.com"]
[Date "2024.06.18"]
[Round "3"]
[White "ritanovikova"]
[Black "Levanzovsky"]
[Result "0-1"]
[WhiteElo "2193"]
[BlackElo "2409"]
[TimeControl "180+1"]
[EndTime "14:30:17 PDT"]
[Termination "Levanzovsky won on time"]

1. e4 e5 2. Nf3 Nc6 3. Bc4 Bc5 4. c3 Nf6 5. d4 exd4 6. cxd4 Bb4+ 7. Bd2 Bxd2+ 8.
Nbxd2 d5 9. exd5 Nxd5 10. O-O Nce7 11. Rc1 O-O 12. Ne5 Nb6 13. Bb3 c6 14. Ndf3 Bf5 15.
Qd2 Ned5 16. a4 a5 17. Nd3 Re8 18. Nc5 Qc7 19. Rfe1 h6 20. Ne5 Be6 21. Re2 Nc8 22. Rce1 Nd6 23. Ned3 Bg4 24. Re5 b6 25. Ne4 Nxe4 26.
R1xe4 Rxe5 27. dxe5 Bf5 28. Re1 Rd8 29. Nf4 Nxf4 30. Qxf4 Be6 31. Bxe6 fxe6 32. Qc4 Rd5 33. f4 Kf7 34. h3 b5 35. axb5 Qb6+ 36. Kh2 cxb5 37. Qe2 Qd4 38. Rf1 g6 39. Qc2 Rc5 40.
Qe2 Qc4 41. Qf2 a4 42. Rd1 Ke7 43. Re1 Kd7 44. Qg3 b4 45. Re3 Kc6 46. Rf3 Qe4 47. Qh4 Rxe5 0-1